AoeStats
← Godlys

Black Forest

509068808Analyzed
3v3 RM · 7d ago on Sep 25, 2026· 57m 53s· 6 players
Game mode
Random Map
Map size
Normal (6 player)
Population
200
Speed
Normal
Resources
Standard
Victory
Conquest
Starting age
Dark Age
Ending age
Imperial Age
RankedLock teamsTeams togetherTeam positionsShared explorationLock speedFull tech treeHidden civsTurbo modeCheats
Victory
Defeat
🇳🇴 Bengalis · Norway
1000
+36
🇹🇼 Persians · Taiwan
996
+11
🇨🇳 Burmese · China
939
+13
🇨🇳 Slavs · China
928
-13
🇹🇼 Britons · Taiwan
908
-13
🇪🇸 Bohemians · Spain
820
-9
給你舒服
1:07 Loom
11:30 Feudal Age
11:56 Double-Bit Axe
12:48 Horse Collar
18:17 Castle Age
16:19 Gold Mining
16:33 Stone Mining
20:11 Scale Barding Armor
22:03 Kamandaran
22:34 Fletching
23:29 Crossbowman
26:16 Wheelbarrow
26:18 Bodkin Arrow
26:25 Padded Archer Armor
27:44 Husbandry
28:37 Bloodlines
29:20 Bow Saw
30:05 Chain Barding Armor
31:05 Leather Archer Armor
31:25 Heavy Plow
32:07 Ballistics
33:26 Thumb Ring
36:53 Imperial Age
34:48 Forging
35:22 Hand Cart
38:26 Chemistry
39:02 Two-Man Saw
38:44 Iron Casting
38:47 Elite War Elephant
40:32 Hoardings
40:15 Masonry
42:19 Town Watch
45:32 Plate Barding Armor
45:29 Ring Archer Armor
46:00 Blast Furnace
45:14 Citadels
45:32 Conscription
粮草征收人
1:36 Loom
13:48 Feudal Age
14:22 Horse Collar
20:31 Castle Age
19:17 Gold Mining
19:19 Stone Mining
23:22 Gold Shaft Mining
30:10 Wheelbarrow
29:33 Elite Skirmisher
33:55 Imperial Age
31:55 Fletching
32:06 Padded Archer Armor
32:36 Hand Cart
32:56 Scale Mail Armor
33:57 Bloodlines
33:48 Husbandry
33:55 Heavy Plow
34:33 Bodkin Arrow
34:29 Pikeman
35:10 Squires
34:58 Arson
36:40 Light Cavalry
37:58 Conscription
37:45 Manipur Cavalry
38:26 Hussar
39:17 Scale Barding Armor
39:14 Bracer
39:24 Forging
39:53 Howdah
40:11 Caravan
41:03 Ballistics
41:44 Chemistry
42:30 Iron Casting
42:11 Chain Mail Armor
42:17 Chain Barding Armor
42:56 Halberdier
44:11 Elite Arambai
46:05 Crop Rotation
45:16 Elite Battle Elephant
Godlys
0:44 Loom
11:08 Feudal Age
12:06 Double-Bit Axe
12:31 Fishing Lines
24:13 Castle Age
22:38 Horse Collar
25:04 Gillnets
25:44 Bow Saw
27:44 Heavy Plow
28:23 Wheelbarrow
28:50 Stone Mining
28:50 Gold Mining
31:16 Gold Shaft Mining
31:25 Hand Cart
31:35 Ballistics
31:13 Murder Holes
31:30 Masonry
34:21 Imperial Age
32:29 Fletching
32:40 Padded Archer Armor
33:44 Bloodlines
33:35 Husbandry
34:21 Paiks
34:15 Bodkin Arrow
34:36 Leather Archer Armor
34:35 Elite Elephant Archer
35:20 Bracer
36:33 Chemistry
35:47 Elite Elephant Archer
37:10 Ring Archer Armor
37:03 Conscription
39:13 Elite Skirmisher
42:36 Mahayana
45:32 Scale Barding Armor
45:38 Forging
45:33 Scale Barding Armor
45:38 Forging
45:48 Elite Battle Elephant
48:48 Chain Barding Armor
49:03 Iron Casting
50:53 Iron Casting
51:41 Plate Barding Armor
51:05 Light Cavalry
53:31 Blast Furnace
Tiny7192
0:31 Loom
13:55 Feudal Age
20:02 Castle Age
17:54 Double-Bit Axe
20:11 Fishing Lines
21:51 Gillnets
24:47 Bow Saw
29:00 Forging
28:58 Gold Mining
30:32 Iron Casting
30:38 Wheelbarrow
30:23 Redemption
32:56 Imperial Age
31:17 Gold Shaft Mining
30:41 Town Watch
31:33 Scale Barding Armor
32:16 Squires
32:30 Stone Mining
33:11 Hand Cart
33:11 Masonry
32:46 Horse Collar
33:52 Chain Barding Armor
33:04 Capped Ram
33:55 Town Patrol
35:15 Two-Man Saw
34:28 Caravan
35:42 Plate Barding Armor
36:17 Bloodlines
36:10 Husbandry
35:35 Onager
37:32 Blast Furnace
37:06 Siege Engineers
37:21 Detinets
37:44 Conscription
37:36 Murder Holes
37:45 Elite Boyar
37:52 Siege Onager
45:14 Scale Mail Armor
44:37 Pikeman
45:45 Halberdier
47:29 Chain Mail Armor
47:24 Druzhina
51:08 Plate Mail Armor
richardchen1896
11:28 Feudal Age
12:27 Double-Bit Axe
15:37 Horse Collar
17:59 Castle Age
17:24 Stone Mining
17:56 Loom
18:49 Wheelbarrow
18:57 Bow Saw
24:51 Heavy Plow
24:49 Treadmill Crane
26:17 Fletching
26:27 Padded Archer Armor
30:49 Imperial Age
28:42 Crossbowman
30:10 Gold Mining
30:46 Ballistics
30:40 Fortified Wall
30:55 Hand Cart
30:28 Town Watch
32:01 Conscription
31:38 Arbalester
32:47 Yeomen
33:57 Chemistry
32:56 Murder Holes
33:14 Masonry
33:03 Bodkin Arrow
33:24 Leather Archer Armor
34:17 Hoardings
34:07 Bracer
36:33 Two-Man Saw
36:31 Ring Archer Armor
35:31 Elite Longbowman
39:55 Architecture
39:28 Warwolf
39:28 Elite Skirmisher
47:39 Siege Engineers
48:30 Pikeman
49:11 Squires
48:56 Gambesons
48:57 Arson
49:12 Halberdier
49:56 Squires
49:41 Gambesons
49:42 Arson
50:12 Forging
50:03 Scale Mail Armor
56:20 Chain Mail Armor
56:41 Iron Casting
56:17 Caravan
markihuana
0:31 Loom
15:00 Feudal Age
21:08 Double-Bit Axe
21:25 Horse Collar
26:31 Castle Age
31:36 Heavy Plow
33:01 Town Watch
33:52 Wheelbarrow
34:25 Masonry
35:50 Hand Cart
36:51 Town Patrol
37:37 Bow Saw
38:14 Caravan
40:04 Forging
39:55 Scale Mail Armor
40:47 Wagenburg Tactics
41:48 Chemistry
41:09 Ballistics
40:46 Murder Holes
42:17 Elite Skirmisher
43:00 Padded Archer Armor
42:50 Fletching
45:59 Imperial Age
Connection lost

Rejoining the realm…

Still unreachable

The connection could not be restored.

Session expired

The server has moved on; the page needs a fresh start.